 Dungeon Crawl Stone Soup version 0.31-a0-167-g1c394c0614 (webtiles) character file.

Game seed: 14351805112893309883

1654 kiwi3s the Chopper (level 8, -1/109 HPs)
             Began as a Minotaur Berserker on June 14, 2023.
             Was a Priest of Trog.
             Slain by an orc wizard
             ... wielding a +6 dagger
              (9 damage)
             ... on level 6 of the Dungeon.
             The game lasted 00:06:47 (4373 turns).

kiwi3s the Chopper (Minotaur Berserker)             Turns: 4373, Time: 00:06:48

Health: -1/109     AC:  6    Str: 25    XL:     8   Next: 68%
Magic:  7/7        EV: 13    Int:  4    God:    Trog [***...]
Gold:   251        SH:  0    Dex:  9    Spells: 7/7 levels left

rFire   . . .        a - +0 hand axe
rCold   . . .        (no shield)
rNeg    . . .        s - +0 troll leather armour {Pargi}
rPois   .            (helmet restricted)
rElec   .            (no cloak)
rCorr   .            (no gloves)
SInv    .            p - +0 pair of boots
Will    ++...        (no amulet) Stlth
                     (no ring)
HPRegen 2.18/turn    (no ring)
MPRegen 0.10/turn

%: no passive effects
@: berserking, strong-willed, regenerating, very quick
A: horns 2, retaliatory headbutt, high MP 1
a: Renounce Religion, Berserk, Trog's Hand


You were on level 6 of the Dungeon.
You worshipped Trog.
Trog was most pleased with you.
You visited 1 branch of the dungeon, and saw 6 of its levels.

You collected 251 gold pieces.

Inventory:

Hand Weapons
 a - a +0 hand axe (weapon)
Missiles
 j - 2 boomerangs (quivered)
Armour
 l - a +0 buckler
 p - a +0 pair of boots (worn)
 s - a +0 troll leather armour (worn) {Pargi}
Jewellery
 b - a +6 ring of dexterity
 t - a ring of ice
Wands
 n - a wand of polymorph (7)
Scrolls
 c - 5 scrolls of identify {unknown}
 g - 3 scrolls of blinking {unknown}
 h - a scroll of fear {unknown}
 i - 2 scrolls of teleportation {unknown}
 m - a scroll of summoning {unknown}
 q - 2 scrolls of revelation {unknown}
 r - a scroll of immolation {unknown}
Potions
 d - a potion of might
 e - a potion of enlightenment {unknown}
 f - 4 potions of curing
 k - a potion of heal wounds {unknown}
 o - a potion of degeneration {unknown}


   Skills:
 + Level 7.5 Fighting
 + Level 7.6 Axes
 + Level 7.0 Armour
 + Level 6.4 Dodging


You had 7 spell levels left.
You didn't know any spells.
Your spell library was empty.

Dungeon Overview and Level Annotations

Branches:
Dungeon (6/15)
 Temple: D:4-7

Altars:
Elyvilon

Shops:
D:3 (

Annotations:
D:3 2 transporters
D:5 2 transporters, AwFulAwFulPlayer's ghost, novice TrDe


Innate Abilities, Weirdness & Mutations

You have a pair of horns on your head.
You reflexively headbutt those who attack you in melee.
You have an increased reservoir of magic. (+10% MP)


Message History

You miss something.
Unknown command.
You are too injured to fight recklessly!
Found 3 stones.
The hound bites you.
* * * LOW HITPOINT WARNING * * *
The adder barely misses you. The hound barely misses you.
You hit the adder. Your headbutt misses the adder.
The adder is moderately wounded.
You hit the hound. You closely miss something. The adder barely misses you.
You furiously retaliate!
You headbutt the adder. Something hits you.
* * * LOW HITPOINT WARNING * * *
The hound bites you.
* * * LOW HITPOINT WARNING * * *
The adder misses you.
You slash the adder!
You kill the adder!
Trog accepts your kill.
You hit the adder but do no damage. You hit the hound but do no damage.
You closely miss something. The hound misses you. You furiously retaliate!
You headbutt the hound. Something hits you.
* * * LOW HITPOINT WARNING * * *
The adder bites you but does no damage. The hound bites you.
* * * LOW HITPOINT WARNING * * *
You miss the adder.
The adder is severely wounded.
You hit the hound. You closely miss something.
You hear some strange, mumbled words.
A magic dart appears from out of thin air!
The magic dart hits you!
* * * LOW HITPOINT WARNING * * *
The adder misses you. You furiously retaliate!
You headbutt the adder.
You kill the adder!
Trog accepts your kill. The hound bites you but does no damage.
Your Armour skill increases to level 7!
A red film seems to cover your vision as you go berserk!
You feel yourself moving faster!
You feel mighty! The hound bites you.
* * * LOW HITPOINT WARNING * * *
Something hits you!
You die...

.....$.........#
...............#
(..............#
...............#
...............#
...............#.# #
.......†h...####.######.
.....J.@{....##.........
........)....#..........
...........).#.........>
.............+..........
.............#.>........
........................
........................
############......†.....
#.#####......


You could see a hound and a jelly.

Vanquished Creatures
  Sigmund (D:4)
  A water moccasin (D:5)
  2 ice beasts (D:5)
  An orc warrior (D:6)
  Pargi (D:3)
  2 ogres
  2 phantoms (D:5)
  3 scorpions
  2 howler monkeys (D:5)
  A hound (D:5)
  Jessica (D:2)
  Ijyb (D:4)
  2 iguanas
  4 orc wizards
  3 gnolls (D:5)
  8 adders
  A shadow imp (D:6)
  A white imp (D:5)
  A dart slug (D:1)
  7 orcs (D:4)
  5 endoplasms
  4 giant cockroaches
  5 goblins
  10 hobgoblins
  12 kobolds
  4 quokkas
  6 ball pythons
  7 bats
  5 frilled lizards
  5 rats
108 creatures vanquished.

Notes
Turn   | Place    | Note
-------+----------+-------------------------------------------
     0 | D:1      | kiwi3s the Minotaur Berserker began the quest for the Orb.
     0 | D:1      | Reached XP level 1. HP: 19/19 MP: 0/0
   170 | D:1      | Reached XP level 2. HP: 26/27 MP: 1/1
   367 | D:1      | Reached XP level 3. HP: 32/33 MP: 2/2
   561 | D:1      | Reached ** piety under Trog
   859 | D:2      | Noticed Jessica
   861 | D:2      | Killed Jessica
   862 | D:2      | Reached XP level 4. HP: 41/41 MP: 3/3
  1750 | D:3      | Found a transporter.
  1771 | D:3      | Found a transporter.
  1954 | D:3      | Noticed Pargi
  1960 | D:3      | Killed Pargi
  1961 | D:3      | Reached skill level 5 in Axes
  1961 | D:3      | Reached XP level 5. HP: 47/47 MP: 4/4
  1964 | D:3      | Reached skill level 5 in Fighting
  2178 | D:3      | Found a white marble altar of Elyvilon.
  2498 | D:3      | Found Pauvy's Antique Weapon Boutique.
  2744 | D:4      | Reached XP level 6. HP: 49/56 MP: 5/5
  2837 | D:4      | Noticed Sigmund
  2845 | D:4      | Reached *** piety under Trog
  2851 | D:4      | Killed Sigmund
  2852 | D:4      | Reached XP level 7. HP: 62/62 MP: 6/6
  2938 | D:4      | Noticed Ijyb
  2969 | D:4      | HP: 2/62 [Ijyb/+0 club (6)]
  2971 | D:4      | Gained mutation: You have an increased reservoir of magic.
                  | (+10% MP) [potion of mutation]
  2975 | D:4      | Reached skill level 5 in Armour
  2979 | D:4      | Killed Ijyb
  3582 | D:5      | Entered Level 5 of the Dungeon
  3588 | D:5      | Noticed AwFulAwFulPlayer's ghost (novice TrDe)
  3603 | D:5      | Reached skill level 5 in Dodging
  3644 | D:5      | Reached XP level 8. HP: 14/71 MP: 7/7
  3710 | D:5      | Found a transporter.
  3725 | D:5      | Found a transporter.
  4373 | D:6      | Slain by an orc wizard

Illustrated notes

Levels and vault maps discovered:
D:1:      dpeg_arrival_radiant, layout_basic
D:2:      layout_loops_corners, grunt_ministairs_15, kennysheep_generic_room_10,
          uniq_jessica
D:3:      gammafunk_steamed_eel, layout_loops_corners,
          nicolae_overflow_hidden_temple, nicolae_overflow_crystal_walls,
          serial_shops, shop, patterned_corridor, uniq_pargi
D:4:      layout_basic, uniq_ijyb, uniq_sigmund
D:5:      layout_basic, gammafunk_ghost_stat_death
D:6:      layout_basic, serial_bayou_crossing

Skill      XL: |  1  2  3  4  5  6  7  8 |
---------------+-------------------------+-----
Axes           | 4 5 6 7 |  7.6
Fighting       | 4 5 6 7 |  7.5
Armour         | 3 4 6 7 |  7.0
Dodging        | 3 4 5 6 |  6.4

Action                     |  1- 3 |  4- 6 |  7- 9 || total
---------------------------+-------+-------+-------++-------
  Melee: Hand axe          |    65 |    80 |   127 ||   272
         Headbutt          |     8 |    13 |    20 ||    41
         Punch             |       |       |     2 ||     2
  Throw: Boomerang         |       |       |     2 ||     2
 Invoke: Berserk           |       |     2 |     3 ||     5
         Trog's Hand       |       |       |     1 ||     1
    Use: Potion            |       |       |     4 ||     4
 Armour: Animal skin       |    10 |       |       ||    10
         Leather armour    |     5 |    23 |    15 ||    43
         Troll leather arm |       |       |    27 ||    27
         Skin              |       |       |     6 ||     6
  Dodge: Dodged            |    52 |    52 |    86 ||   190

Table legend: (Time is in decaauts)
 A = Elapsed time spent in this place.
 B = Non-inter-level travel time spent in this place.
 C = Inter-level travel time spent in this place.
 D = Time resting spent in this place.
 E = Time spent auto-exploring this place.
 F = Levels seen in this place.
 G = Mean time per level.
                   A        B        C        D        E       F      G
               +--------+--------+--------+--------+--------+-----+--------+
         Total |   4405 |   4197 |    208 |    348 |   3205 |   6 |  734.2 |
       Dungeon |   4405 |   4197 |    208 |    348 |   3205 |   6 |  734.2 |
               +--------+--------+--------+--------+--------+-----+--------+

Top non-repeatable levels by time:
     D:2: 1030 daAuts
     D:3: 1029 daAuts
     D:4: 944 daAuts
     D:5: 741 daAuts
     D:1: 609 daAuts
     D:6: 50 daAuts
